Cogmind - Beta 14 @@@ ROGUE MODE // 2024.09.05 @ 14:53:53 Player: Minty Result: Destroyed by Y-54 Guardian with Gatling Laser Performance ------------- Evolutions (4) 2000 Regions Visited (9) 1800 Robots Destroyed (106) 530 Value Destroyed (5527) 5527 Prototype IDs (28) 560 Alien Tech Used (0) 0 Bonus (3321) 3321 TOTAL SCORE: 13738 Bonus ------- High Alert Combat Kills 1002 Follower Combat Kills 418 Entered Garrisons 400 Used RIF Installer 1500 Aligned with FarCom 300 Friendly Fire -299 Cogmind --------- Core Integrity 0/850 Matter 300/300 Energy 23/100 System Corruption 7% Temperature Cool (6) Movement Core (350) Ox6 Location -6/Factory Parts ------- > --- POWER (1) -------- (None) > --- PROPULSION (6) --- (None) > --- UTILITY (6) ------ Medium Storage Unit Core Analyzer Actuator Array Relay Coupler [NC] (31) Relay Coupler [Grunt] (16) Relay Coupler [Sentry] (35) > --- WEAPON (2) ------- Powered Hammer Impact Mace > --- INVENTORY (10) --- Authchip [R/Combat] Relay Coupler [NC] (37) Relay Coupler [NC] (39) Relay Coupler [NC] (39) Relay Coupler [Cutter] (33) Relay Coupler [Duelist] (32) Relay Coupler [Duelist] (40) Relay Coupler [Specialist] (24) Relay Coupler [Hunter] (22) Relay Coupler [Heavy] (16) Peak State ------------ > --- POWER ------------ Light Nuclear Core > --- PROPULSION ------- VTOL Module VTOL Module Nuclear Pulse Array > --- UTILITY ---------- Lightpack 2.0 Improved Target Analyzer Improved Target Analyzer Improved Target Analyzer > --- WEAPON ----------- Remote Datajack Powered Hammer > --- INVENTORY -------- Gravmag System Gravmag System Flight Unit Cesium-ion Thruster Medium Storage Unit Improved Signal Interpreter Improved Terrain Scanner Improved Terrain Scan Processor Authchip [R/Combat] Authchip [R/Combat] Authchip [R/Combat] Relay Coupler [NC] Relay Coupler [NC] Relay Coupler [NC] Relay Coupler [NC] Relay Coupler [NC] Relay Coupler [Swarmer] Relay Coupler [Cutter] Relay Coupler [Cutter] Relay Coupler [Grunt] Relay Coupler [Brawler] Relay Coupler [Duelist] Relay Coupler [Sentry] Relay Coupler [Sentry] Relay Coupler [Sentry] Relay Coupler [Sentry] Relay Coupler [Sentry] Relay Coupler [Sentry] Relay Coupler [Demolisher] Relay Coupler [Hunter] Relay Coupler [Hunter] Relay Coupler [Hunter] Relay Coupler [Heavy] Impact Mace Ripper [Rating: 83] Favorites ----------- Power Heavy Ion Engine Engine Heavy Ion Engine Power Core Light Nuclear Core Propulsion Armored Treads Treads Armored Treads Leg Carbon-fiber Leg Hover Unit Gravmag System Flight Unit Flight Unit Utility Lightpack 2.0 Device Improved Heat Sink Storage Lightpack 2.0 Processor Advanced Targeting Computer Hackware Relay Coupler [Sentry] Protection Hardened Light Armor Plating Weapon Advanced Beam Rifle Energy Gun Advanced Beam Rifle Energy Cannon Advanced Beam Cannon Ballistic Gun Light Assault Rifle Ballistic Cannon Assault Cannon Launcher Grenade Launcher Special Weapon Remote Datajack Impact Weapon Powered Hammer Slashing Weapon Ripper Build | -11 -10 -10 -10 -9 -8 -8 -7 -7 -6 ------- Run | Yrd Mat Min Exi Min Mat Gar Fac Gar Fac Slots Evolved 8 | . . . . . 4 . 2 . 2 Power . | . . . . . . . . . . Propulsion 4 | . . . . . . . 2 . 2 Utility 4 | . . . . . 4 . . . . Weapon . | . . . . . . . . . . Parts Attached 142 | . . 1 3 5 20 27 18 25 43 Power 13 | . . . . 1 2 4 . 2 4 Engine 9 | . . . . 1 1 2 . 1 4 Core 4 | . . . . . 1 2 . 1 . Reactor . | . . . . . . . . . . Propulsion 47 | . . . 2 . 3 10 4 11 17 Treads 10 | . . . 2 . 3 2 . . 3 Leg 10 | . . . . . . 2 . . 8 Wheel . | . . . . . . . . . . Hover 10 | . . . . . . 5 . . 5 Flight 17 | . . . . . . 1 4 11 1 Utility 42 | . . 1 . 1 6 6 6 10 12 Device 9 | . . . . . 1 4 3 . 1 Storage 6 | . . 1 . . 4 . . . 1 Processor 6 | . . . . . . . 2 3 1 Hackware 13 | . . . . . . . . 7 6 Protection 8 | . . . . 1 1 2 1 . 3 Artifact . | . . . . . . . . . . Weapon 40 | . . . 1 3 9 7 8 2 10 Energy Gun 19 | . . . 1 1 6 3 5 . 3 Energy Cannon 1 | . . . . . . . 1 . . Ballistic Gun 5 | . . . . 1 . 2 . . 2 Ballistic Cannon 2 | . . . . . 1 1 . . . Launcher 3 | . . . . 1 2 . . . . Special Weapon 2 | . . . . . . . . 2 . Impact Weapon 7 | . . . . . . . 2 . 5 Slashing Weapon 1 | . . . . . . 1 . . . Piercing Weapon . | . . . . . . . . . . Special Melee Weapon . | . . . . . . . . . . Unidentified Prototypes 5 | . . . . . 3 . 2 . . Parts Lost 58 | . . . . . 4 14 7 6 27 Power 7 | . . . . . 1 3 . 1 2 Propulsion 26 | . . . . . . 2 2 4 18 Utility 12 | . . . . . 1 5 2 1 3 Weapon 13 | . . . . . 2 4 3 . 4 Highest Loss Streak 7 | . . . . . 2 4 7 3 7 To Critical Strikes . | . . . . . . . . . . Average Slot Usage (%) 75 | . 85 85 85 97 73 72 67 73 78 Engine 6 | . 14 14 14 14 7 5 6 . 4 Core 1 | . . . . . 1 2 . 4 . Treads 8 | . . . 12 28 18 11 . . 3 Leg 5 | . 28 28 15 . . 2 . . 8 Hover 2 | . . . . . . 3 . . 4 Flight 5 | . . . . . . . 21 25 7 Device 6 | . . . . . 6 13 12 . . Storage 10 | . 14 14 14 14 15 10 7 7 6 Hackware 8 | . . . . . . . . 14 28 Protection 3 | . . . . 12 7 5 . . . Energy Gun 6 | . . . 12 18 14 7 11 . 1 Ballistic Gun 3 | . 28 28 15 8 . 2 . . 1 Ballistic Cannon 1 | . . . . . . 4 . . . Impact Weapon 2 | . . . . . . . . 7 6 Peak Build Rating 83 | 6 6 7 10 13 55 64 76 83 80 Average Rating 46 | 6 6 6 8 11 48 56 72 72 40 On Entrance 28 | 6 6 6 6 10 13 55 57 61 67 Naked Turns . | . . . . . . . . . . Heaviest Build 37 | 13 13 18 19 25 28 28 21 18 37 Greatest Support 70 | 20 20 20 40 40 40 40 21 24 70 Greatest Overweight (x) 9 | . . . . . . 1 1 . 9 Average Overweight (x) . | . . . . . . . . . . Largest Inventory Capacity 40 | 8 8 10 10 10 40 40 40 40 40 Average Capacity 28 | 8 8 9 10 10 39 40 40 40 10 Most Carried 40 | 6 7 9 10 10 13 40 39 38 37 Average Carried 17 | 6 6 8 9 10 9 22 35 34 10 Final Capacity 40 | 8 8 10 10 10 40 40 40 40 10 Final Carried 40 | 6 7 9 10 10 9 40 37 37 10 Class Distribution -------------------- 46% | Hauler-Mutant 20% | Mutant 10% | Scavenger-Mutant 7% | Bothacker-Mutant 7% | Bothacker-Sprinter 4% | Hauler-Sprinter Dominant Class ---------------- Mutant | -10/Materials Mutant | -10/Mines Mutant | -10/Exiles Mutant | -9/Mines Hauler-Mutant | -8/Materials Hauler-Mutant | -8/Garrison Hauler-Sprinter | -7/Factory Bothacker-Sprinter | -7/Garrison Scavenger-Mutant | -6/Factory Resources | -11 -10 -10 -10 -9 -8 -8 -7 -7 -6 ----------- Run | Yrd Mat Min Exi Min Mat Gar Fac Gar Fac Matter Collected 2333 | 200 84 4 . 103 322 533 75 503 509 Remotely . | . . . . . . . . . . Salvage Created 4322 | . 255 . . 107 946 956 264 655 1139 Parts 190 | . 20 . . 6 53 59 8 13 31 Haulers Intercepted 2 | . 1 . . . 1 . . . . Recyclers Shooed . | . . . . . . . . . . Parts Field Recycled . | . . . . . . . . . . Retrieved Matter . | . . . . . . . . . . Parts Self-Destructed . | . . . . . . . . . . Prevented . | . . . . . . . . . . Kills | -11 -10 -10 -10 -9 -8 -8 -7 -7 -6 ------- Run | Yrd Mat Min Exi Min Mat Gar Fac Gar Fac Combat Hostiles Destroyed 92 | . 5 . . 3 21 28 6 7 22 Melee 12 | . . . . . . 4 1 2 5 Guns 38 | . 5 . . 1 11 12 3 . 6 Cannons 11 | . . . . . 1 10 . . . AOE 16 | . . . . 2 8 2 . . 4 Classes Destroyed 13 | . 3 . . 1 5 2 . . 2 Worker 2 | . . . . . 2 . . . . Builder 5 | . . . . 1 4 . . . . Hauler 2 | . 1 . . . 1 . . . . Operator 2 | . 1 . . . 1 . . . . Watcher 2 | . . . . . 1 . . 1 . Swarmer 10 | . . . . . 1 6 . 3 . Cutter 5 | . . . . . . 2 2 1 . Saboteur 1 | . . . . . . . . . 1 Grunt 53 | . 5 . . 3 16 9 4 3 13 Brawler 3 | . . . . . . . . . 3 Sentry 11 | . . . . . 3 6 . 1 1 Hunter 2 | . . . . . 1 . . . 1 Programmer 8 | . . . . . . 5 . . 3 Best Kill Streak 9 | . 5 . . 4 9 4 3 2 4 Combat Bots Only 5 | . 5 . . 2 4 4 3 2 4 Max Kills in Single Turn 4 | . 1 . . 1 3 1 1 1 4 Gunslinging . | . . . . . . . . . . Exploded 4 | . . . . 1 2 1 . . 4 Melee 1 | . . . . . . 1 1 1 1 Uniques/NPCs Destroyed . | . . . . . . . . . . Combat | -11 -10 -10 -10 -9 -8 -8 -7 -7 -6 -------- Run | Yrd Mat Min Exi Min Mat Gar Fac Gar Fac Hostile Shots Fired 712 | . 24 . . 6 102 198 43 43 296 Missed 223 | . 10 . . . 41 62 14 18 78 Damage Taken 7860 | . 161 . . 89 981 1999 653 404 3573 Core 1559 | . 54 . . 11 107 305 167 64 851 Absorbed by Shields 21 | . . . . . . 14 . 7 . Core Remaining (%) 66 | 100 . . . 74 . 25 . 67 . Volleys Fired 287 | . 22 . . 5 69 87 13 43 48 Largest 2 | . 2 . . 2 2 2 2 1 2 Hottest 138 | . 40 . . 80 126 106 100 5 138 Shots Fired 435 | . 44 . . 10 109 145 25 43 59 Gun 309 | . 44 . . 8 92 90 25 . 50 Cannon 59 | . . . . . 4 55 . . . Launcher 15 | . . . . 2 13 . . . . Special 52 | . . . . . . . . 43 9 Kinetic 154 | . 44 . . 3 4 81 . . 22 Thermal 163 | . . . . 5 87 43 . . 28 Explosive 15 | . . . . 2 13 . . . . Electromagnetic 51 | . . . . . 5 21 25 . . Robot Hit Streak 15 | . 5 . . 7 7 15 14 15 13 Robot Miss Streak 5 | . 3 . . 1 5 5 1 2 4 Penetration Max 1 | . . . . . . . . . 1 Secondary Targets 5 | . 3 . . . . . . . 2 Max Gunslinging Chain 1 | . 1 . . . . . . . 1 Shots Hit Robots 390 | . 31 . . 8 76 110 26 55 84 Core Hits 174 | . 13 . . 6 73 44 8 5 25 Critical Kills 7 | . . . . . . . . 1 6 Critical Parts Destroyed 11 | . . . . . . . 1 4 6 Critical Strikes 34 | . . . . . 2 12 1 5 14 Burn 8 | . . . . . 2 4 . . 2 Destroy 5 | . . . . . . . . . 5 Blast 5 | . . . . . . 5 . . . Smash 13 | . . . . . . . 1 5 7 Sever 3 | . . . . . . 3 . . . Melee Attacks 128 | . . . . . . 26 4 30 68 Impact 102 | . . . . . . . 4 30 68 Slashing 26 | . . . . . . 26 . . . Piercing . | . . . . . . . . . . Sneak Attacks 17 | . . . . . . 4 . 11 2 Combat Hostiles 10 | . . . . . . 3 . 7 . Follow-up Attacks 7 | . . . . . . . . . 7 Damage Inflicted 10620 | . 340 . . 202 2152 2712 554 1609 3051 Guns 3301 | . 340 . . 77 1085 957 425 . 417 Cannons 959 | . . . . . 43 916 . . . Explosions 1733 | . . . . 113 1022 94 . . 504 Melee 4613 | . . . . . . 745 129 1609 2130 Ramming 14 | . . . . 12 2 . . . . Kinetic 1543 | . 340 . . 15 43 1075 . . 70 Thermal 2715 | . . . . 62 1068 734 . . 851 Explosive 1059 | . . . . 113 946 . . . . Electromagnetic 676 | . . . . . 93 158 425 . . Impact 3868 | . . . . . . . 129 1609 2130 Slashing 745 | . . . . . . 745 . . . Piercing . | . . . . . . . . . . Highest Corruption 7 | . . . . . . 5 . . 7 Average Corruption 4 | . . . . . . 3 . . 4 Corruption Purged . | . . . . . . . . . . Corruption Blocked . | . . . . . . . . . . Effects 26 | . . . . . . 13 . . 13 Message Errors 4 | . . . . . . 3 . . 1 Matter Fused 8 | . . . . . . 5 . . 3 Heat Flow Errors 1 | . . . . . . . . . 1 Energy Discharges 4 | . . . . . . 2 . . 2 Parts Rejected 2 | . . . . . . . . . 2 Data Loss (minor) 6 | . . . . . . 2 . . 4 Data Loss (major) 1 | . . . . . . 1 . . . Overload Shots . | . . . . . . . . . . Overflow Damage 1125 | . . . . . 1 124 40 589 371 Projectiles 8 | . . . . . . 8 . . . Explosions 55 | . . . . . 1 . . . 54 Melee 1062 | . . . . . . 116 40 589 317 Knockbacks 23 | . . . . . . 12 . 6 5 Impact 11 | . . . . . . . . 6 5 Kinetic 10 | . . . . . . 10 . . . Secondary 2 | . . . . . . 2 . . . Self-Inflicted Damage 325 | . . . . 13 46 . . . 266 Shots 8 | . . . . 1 4 . . . 3 Rammed 3 | . . . . 2 1 . . . . Targets Rammed 4 | . . . . 3 1 . . . . Kicked . | . . . . . . . . . . Crushed 1 | . . . . 1 . . . . . Highest Temperature 273 | . 6 . . 81 144 171 . 19 273 Average Temperature 49 | . 6 . . 41 29 55 . 11 82 Received Heat Transfer 2518 | . 72 . . 42 522 534 135 88 1125 Effects 1 | . . . . . . . . . 1 Interference 1 | . . . . . . . . . 1 Siege Activations . | . . . . . . . . . . Robots Corrupted 16 | . . . . . . . 2 8 6 Combat Hostiles 13 | . . . . . . . 2 5 6 Parts Fried 24 | . . . . . . . 6 13 5 Impact Corruptions 32 | . . . . . . . 2 15 15 Robots Melted 2 | . . . . . 1 . . . 1 Combat Hostiles 2 | . . . . . 1 . . . 1 Parts Melted 9 | . . . . 1 5 . . . 3 Heat Transferred 4977 | . . . . 185 2299 1466 . . 1027 Parts Sabotaged 2 | . . . . . . . . 2 . Parts Stolen . | . . . . . . . . . . Parts Stripped . | . . . . . . . . . . Power Chain Reactions 2 | . . . . . 1 1 . . . Alert | -11 -10 -10 -10 -9 -8 -8 -7 -7 -6 ------- Run | Yrd Mat Min Exi Min Mat Gar Fac Gar Fac Peak Influence 1334 | . 168 65 . 91 381 1334 830 1194 757 Initial 700 | . . 65 . . 35 247 700 567 617 Average 647 | . 97 65 . 56 174 821 744 962 620 Maximum Alert Level 4 | . . . . . 1 4 3 4 3 Low Security (%) 13 | 100 100 100 . 100 57 . . . . Level 1 11 | . . . . . 42 15 . . . Level 2 36 | . . . . . . 26 . 19 89 Level 3 23 | . . . . . . 26 100 55 10 Level 4 15 | . . . . . . 32 . 25 . Level 5 . | . . . . . . . . . . High Security . | . . . . . . . . . . Max Security . | . . . . . . . . . . Squads Dispatched 26 | . 3 . . . 7 . 5 . 11 Investigation 10 | . 1 . . . 2 . 2 . 5 Extermination 2 | . . . . . . . . . 2 Reinforcement 7 | . 2 . . . 1 . 3 . 1 Assault 2 | . . . . . . . . . 2 Garrison 5 | . . . . . 4 . . . 1 Intercept . | . . . . . . . . . . Searches Triggered . | . . . . . . . . . . Construction Impeded . | . . . . . . . . . . Haulers Reinforced 1 | . . . . . . . . . 1 Active Scanning Responses . | . . . . . . . . . . Cargo Convoy Interrupts . | . . . . . . . . . . Stealth | -11 -10 -10 -10 -9 -8 -8 -7 -7 -6 --------- Run | Yrd Mat Min Exi Min Mat Gar Fac Gar Fac Distress Signals 5 | . 1 . . . 1 1 . . 2 Communications Jammed . | . . . . . . . . . . Distress Signals . | . . . . . . . . . . Times Spotted 154 | . 9 . . 3 25 35 13 32 37 Peak Tracking Total 7 | . 5 . . 2 4 6 7 6 5 Tactical Retreats 20 | . . . . . 1 8 1 3 7 Traps | -11 -10 -10 -10 -9 -8 -8 -7 -7 -6 ------- Run | Yrd Mat Min Exi Min Mat Gar Fac Gar Fac Traps Triggered 6 | . . . . . . 5 . 1 . Indirectly . | . . . . . . . . . . Trap Hack Attempts . | . . . . . . . . . . Triggered . | . . . . . . . . . . Disarmed . | . . . . . . . . . . Reprogrammed . | . . . . . . . . . . Reused . | . . . . . . . . . . Traps Extracted . | . . . . . . . . . . Installed . | . . . . . . . . . . Triggered . | . . . . . . . . . . Machines | -11 -10 -10 -10 -9 -8 -8 -7 -7 -6 ---------- Run | Yrd Mat Min Exi Min Mat Gar Fac Gar Fac Machines Disabled 14 | . . . . . 2 4 . 3 5 Max in Single Turn 4 | . . . . . 1 1 . 1 4 Garrison Access 1 | . . . . . . . . . 1 Garrison Relay 7 | . . . . . . 4 . 3 . Machines Repaired . | . . . . . . . . . . Machines Dismantled . | . . . . . . . . . . Machines Sabotaged . | . . . . . . . . . . Overloaded Fab Kills . | . . . . . . . . . . Hacking | -11 -10 -10 -10 -9 -8 -8 -7 -7 -6 --------- Run | Yrd Mat Min Exi Min Mat Gar Fac Gar Fac Machines Accessed 21 | . 1 . 2 . 4 3 4 2 5 Terminals 14 | . 1 . . . 3 3 2 2 3 Fabricators 2 | . . . . . . . . . 2 Repair Stations . | . . . . . . . . . . Recycling Units 1 | . . . . . . . 1 . . Scanalyzers . | . . . . . . . . . . Garrison Access 2 | . . . . . 1 . 1 . . Total Hacks 50 | . 6 . 2 . 10 8 8 4 12 Successful 12 | . 2 . 2 . 3 . 4 1 . Failed 38 | . 4 . . . 7 8 4 3 12 Catastrophic 15 | . . . . . 1 4 3 2 5 Database Lockouts . | . . . . . . . . . . Manual 19 | . 5 . 1 . 5 1 . . 7 Terminals 37 | . 6 . . . 8 8 4 4 7 Fabricators 5 | . . . . . . . . . 5 Repair Stations . | . . . . . . . . . . Recycling Units 3 | . . . . . . . 3 . . Scanalyzers . | . . . . . . . . . . Garrison Access 3 | . . . . . 2 . 1 . . Terminal Hacks 6 | . 2 . 2 . 1 . . 1 . Record 1 | . . . 1 . . . . . . Open Door 1 | . . . . . . . . 1 . Alert Level 1 | . 1 . . . . . . . . Unreport Threat 1 | . . . . . 1 . . . . Zone Layout 1 | . 1 . . . . . . . . Derelict Proto ID Bank 1 | . . . 1 . . . . . . Fabricator Hacks . | . . . . . . . . . . Repair Station Hacks . | . . . . . . . . . . Recycling Unit Hacks 3 | . . . . . . . 3 . . Process 1 | . . . . . . . 1 . . Report Inventory 1 | . . . . . . . 1 . . Retrieve Matter 1 | . . . . . . . 1 . . Scanalyzer . | . . . . . . . . . . Garrison Access Hacks 2 | . . . . . 1 . 1 . . Unlock Access 2 | . . . . . 1 . 1 . . Unauthorized Hacks 1 | . . . . . 1 . . . . Terminals 1 | . . . . . 1 . . . . Search 1 | . . . . . 1 . . . . Fabricators . | . . . . . . . . . . Repair Stations . | . . . . . . . . . . Recycling Units . | . . . . . . . . . . Scanalyzers . | . . . . . . . . . . Garrison Access . | . . . . . . . . . . Data Cores Recovered . | . . . . . . . . . . Used . | . . . . . . . . . . Hacking Detections 19 | . 1 . . . 4 3 4 2 5 Full Trace Events 11 | . . . . . 1 3 2 . 5 Feedback Events . | . . . . . . . . . . Feedback Blocked . | . . . . . . . . . . Robot Schematics Acquired . | . . . . . . . . . . Robots Built . | . . . . . . . . . . Authchips . | . . . . . . . . . . Time . | . . . . . . . . . . Total Robot Build Rating . | . . . . . . . . . . Part Schematics Acquired . | . . . . . . . . . . Parts Built . | . . . . . . . . . . Authchips . | . . . . . . . . . . Time . | . . . . . . . . . . Total Part Build Rating . | . . . . . . . . . . Parts Repaired . | . . . . . . . . . . Time . | . . . . . . . . . . Parts Recycled . | . . . . . . . . . . Recycled Matter 28 | . . . . . . . 28 . . Retrieved Matter 28 | . . . . . . . 28 . . Retrieved Components . | . . . . . . . . . . Parts Scanalyzed . | . . . . . . . . . . Part Schematics Acquired . | . . . . . . . . . . Parts Damaged . | . . . . . . . . . . Bothacking | -11 -10 -10 -10 -9 -8 -8 -7 -7 -6 ------------ Run | Yrd Mat Min Exi Min Mat Gar Fac Gar Fac Used RIF Installer 3 | . . . . . . 2 . 1 . Coupler Efficiency 1 | . . . . . . . . 1 . Structural Interface 1 | . . . . . . 1 . . . Robots Hacked 22 | . . . . . . . . 15 7 Non-combat 2 | . . . . . . . . . 2 Combat 20 | . . . . . . . . 15 5 Robot Hacks Applied 25 | . . . . . . . . 18 7 parse_system 1 | . . . . . . . . 1 . randomize_corridors 1 | . . . . . . . . . 1 map_route 1 | . . . . . . . . . 1 reboot_propulsion 1 | . . . . . . . . 1 . spike_heat 3 | . . . . . . . . 3 . amplify_resonance 3 | . . . . . . . . 2 1 reboot_system 3 | . . . . . . . . 1 2 overwrite_iff 7 | . . . . . . . . 5 2 formatsys_high 5 | . . . . . . . . 5 . Relay Couplers Released 32 | . . . . . . 16 . 13 3 Machine Destruction 32 | . . . . . . 16 . 13 3 Attached 12 | . . . . . . . . 7 5 Fabnet Peak Effective % . | . . . . . . . . . . Robots Rewired 7 | . . . . . . . . 7 . Allies Hacked . | . . . . . . . . . . Hacks Repelled . | . . . . . . . . . . Allies | -11 -10 -10 -10 -9 -8 -8 -7 -7 -6 -------- Run | Yrd Mat Min Exi Min Mat Gar Fac Gar Fac Total Allies 21 | . . . . . . 1 . 18 2 Largest Group 5 | . . . . . . 1 . 5 5 Highest-Rated Group 108 | . . . . . . 25 . 102 108 Highest-Rated Ally 43 | . . . . . . 25 . 43 29 Total Orders . | . . . . . . . . . . Ally Attacks 95 | . . . . . . 2 . 75 18 Total Damage 1343 | . . . . . . . . 1090 253 Kills 17 | . . . . . . . . 14 3 Allies Corrupted 2 | . . . . . . . . 2 . Allies Melted . | . . . . . . . . . . Intel | -11 -10 -10 -10 -9 -8 -8 -7 -7 -6 ------- Run | Yrd Mat Min Exi Min Mat Gar Fac Gar Fac Robot Analysis Total . | . . . . . . . . . . Derelict Logs Recovered 1 | . . . . 1 . . . . . Drone Launches . | . . . . . . . . . . Drone Recoveries . | . . . . . . . . . . Exploration | -11 -10 -10 -10 -9 -8 -8 -7 -7 -6 ------------- Run | Yrd Mat Min Exi Min Mat Gar Fac Gar Fac Turns Passed 4879 | 3 169 57 402 73 558 1765 205 445 1202 Spaces Moved 3265 | 3 87 45 293 27 204 1111 218 645 632 Core 6 | . . . . . . . . . 6 Treads 1053 | . . . 107 27 204 556 . . 159 Legs 656 | 3 87 45 186 . . 132 . . 203 Wheels . | . . . . . . . . . . Hover 549 | . . . . . . 409 . . 140 Flight 1001 | . . . . . . 14 218 645 124 Fastest Speed 20 | 120 120 120 120 160 160 40 28 20 27 Average Speed 102 | 120 120 120 134 160 166 119 32 29 130 Slowest Speed 500 | 120 120 120 160 160 170 250 98 40 500 Overloaded Moves 47 | . . . . . . . 37 10 . Propulsion Burnouts 2 | . . . . . . . 1 1 . Robots Hopped 2 | . . . . . . . 2 . . Cave-ins Triggered . | . . . . . . . . . . Exploration Rate (%) 30 | 1 21 12 69 10 15 96 6 63 9 Regions Visited 9 Branch Regions 3 Pre-discovered Areas 2 | . . . 1 1 . . . . . Known Exits Taken 2 | . . . . . 1 . 1 . . Unknown Exits Taken 5 | 1 1 1 1 1 . . . . . Scrap Searched 3 | . . 1 . 2 . . . . . Spaces Dug 4 | . . . . . . . . . 4 Terrain Destroyed 78 | . . . . 21 31 8 . . 18 Melee 4 | . . . . . . . . . 4 Projectile 1 | . . . . . 1 . . . . AOE 73 | . . . . 21 30 8 . . 14 Terrain Rammed . | . . . . . . . . . . Walls Destroyed . | . . . . . . . . . . Machines Disabled . | . . . . . . . . . . Actions | -11 -10 -10 -10 -9 -8 -8 -7 -7 -6 --------- Run | Yrd Mat Min Exi Min Mat Gar Fac Gar Fac Total 4166 | 2 112 48 306 44 309 1375 314 821 835 Wait 139 | . 3 1 . 2 5 13 56 32 27 Move 3254 | 2 86 44 292 26 203 1110 215 644 632 Hop 1 | . . . . . . . 1 . . Pick Up 100 | . 1 1 5 1 4 53 5 19 11 Fast Attach 61 | . . 1 . 1 5 12 4 6 32 Attach 41 | . . . 3 . 6 7 8 15 2 Detach 25 | . . 1 . . 5 9 2 6 2 Swap 40 | . . . . 4 9 8 6 4 9 Drop 39 | . . . 6 2 2 19 . . 10 Fire 287 | . 22 . . 5 69 87 13 43 48 Melee 120 | . . . . . . 26 4 30 60 Ram . | . . . . . . . . . . Kick . | . . . . . . . . . . Crush 4 | . . . . 3 1 . . . . Escape Stasis 49 | . . . . . . 31 . 18 . Rewire 6 | . . . . . . . . 4 2 Trap . | . . . . . . . . . . Miscellaneous . | . . . . . . . . . . Route ------- -11/Scrapyard -10/Materials -10/Mines -10/Exiles (discovered 2 exits: [*Min x2]) -9/Mines -8/Materials -8/Garrison (discovered 3 exits: *Fac x3) -7/Factory -7/Garrison -6/Factory History --------- Turn | Location | Event 1 | -11/Scrapyard | Discovered new exit (range 3) 4 | -11/Scrapyard | Entered Materials 102 | -10/Materials | Discovered new exit (range 12) 116 | -10/Materials | Met 8R-AWN 173 | -10/Materials | Entered Mines 174 | -10/Mines | Followed 8R-AWN into the Mines 225 | -10/Mines | Discovered new exit (range 5) 230 | -10/Mines | Entered Exiles 246 | -10/Exiles | Discovered new exit (range 15) 263 | -10/Exiles | Welcomed by 8R-AWN 313 | -10/Exiles | Met EX-HEX 315 | -10/Exiles | Learned about 8R-AWN's background 318 | -10/Exiles | Build established: Mutant 363 | -10/Exiles | Met EX-DEC 383 | -10/Exiles | Learned location of Zion (-6) 405 | -10/Exiles | Met EX-BIN 421 | -10/Exiles | Aligned with FarCom system 422 | -10/Exiles | Given EX-Vault access code 449 | -10/Exiles | Opened EX-Vault 460 | -10/Exiles | Found Lightpack 2.0 503 | -10/Exiles | Warned to stay clear of 0b10 Research branches 613 | -10/Exiles | Discovered new exit (range 12) 632 | -10/Exiles | Left Exiles lab with Lightpack 2.0 632 | -10/Exiles | Entered Mines 694 | -9/Mines | Discovered new exit (range 7) 705 | -9/Mines | Entered Materials 705 | -8/Materials | Evolved 4 slots: Utility x4 744 | -8/Materials | Garrison activated, responded to threat 924 | -8/Materials | Garrison activated, responded to threat 992 | -8/Materials | Build established: Hauler-Mutant 1008 | -8/Materials | Identified exit to Garrison 1263 | -8/Materials | Entered Garrison 1319 | -8/Garrison | Triggered checkpoint 1365 | -8/Garrison | Garrison Relay disabled 1554 | -8/Garrison | Triggered checkpoint 1765 | -8/Garrison | Triggered checkpoint 1807 | -8/Garrison | Garrison Relay disabled 1851 | -8/Garrison | Discovered new exit (range 11) 1941 | -8/Garrison | Triggered checkpoint 2082 | -8/Garrison | Discovered new exit (range 10) 2111 | -8/Garrison | Triggered checkpoint 2151 | -8/Garrison | Garrison Relay disabled 2226 | -8/Garrison | Rescued a captive Derelict 2383 | -8/Garrison | Core integrity fell below 50% 2419 | -8/Garrison | Lost 3 parts (1p1n1u) 2556 | -8/Garrison | Lost 4 parts (1p2u1w) 2561 | -8/Garrison | Triggered checkpoint 2574 | -8/Garrison | Garrison Relay disabled 2622 | -8/Garrison | Installed Relay Interface Framework 2631 | -8/Garrison | Discovered new exit (range 10) 2681 | -8/Garrison | Expanded RIF knowledge: Structural Interface 2888 | -8/Garrison | Spotted B-75 Beast 3028 | -8/Garrison | Entered Factory 3028 | -7/Factory | Evolved 2 slots: Propulsion x2 3233 | -7/Factory | Identified exit to Garrison 3233 | -7/Factory | Entered Garrison 3259 | -7/Garrison | Triggered checkpoint 3262 | -7/Garrison | Lost 7 parts (2n2u3w) 3265 | -7/Garrison | Garrison Relay disabled 3294 | -7/Garrison | Heavy support dispatched to Factory 3369 | -7/Garrison | Triggered checkpoint 3389 | -7/Garrison | Rescued a captive Derelict 3446 | -7/Garrison | Garrison Relay disabled 3481 | -7/Garrison | Triggered checkpoint 3523 | -7/Garrison | Lost 3 parts (3n) 3566 | -7/Garrison | Garrison Relay disabled 3571 | -7/Garrison | Triggered checkpoint 3580 | -7/Garrison | Expanded RIF knowledge: Coupler Efficiency 3607 | -7/Garrison | Build established: Bothacker-Sprinter 3637 | -7/Garrison | Discovered new exit (range 10) 3678 | -7/Garrison | Entered Factory 3678 | -6/Factory | Accompanied by 4 allies 3678 | -6/Factory | Evolved 2 slots: Propulsion x2 3892 | -6/Factory | Lost 5 allies 3943 | -6/Factory | Garrison activated, responded to threat 3963 | -6/Factory | Lost 4 parts (3n1w) 4135 | -6/Factory | Lost 3 parts (2n1w) 4239 | -6/Factory | Lost 7 parts (4n1u2w) 4378 | -6/Factory | First assault squad dispatched 4414 | -6/Factory | Core integrity fell below 50% 4447 | -6/Factory | Lost 3 parts (1p1n1u) 4776 | -6/Factory | Lost 4 parts (1p2n1u) 4846 | -6/Factory | Core integrity fell below 20% 4880 | -6/Factory | Destroyed by Y-54 Guardian with Gatling Laser Last Messages --------------- 04846_ Powered Hammer follow-up attack on G-50 Soldier. 04846_ G-50 Soldier suffers critical hit (Smash). 04846_ Destroyed Carbon-fiber Leg. 04846_ G-50 Soldier system corrupted by crushing effect. 04846_ G-50 Soldier knocked back. 04847_ G-50 Soldier system terminally corrupted. 04847_ Hvy. Laser fried. 04848_ Carbon-fiber Leg destroyed. 04852_ Destroyed Adv. Heat Sink. 04852_ G-50 Soldier system corrupted by crushing effect. 04852_ Powered Hammer follow-up attack on G-50 Soldier. 04853_ G-50 Soldier system terminally corrupted. 04853_ Lgt. Angular Momentum Engine fried. 04858_ RIF reveals location of hidden door. 04868_ Imp. Gravmag System destroyed. 04872_ Critical hit (Burn: +37). 04872_ G-50 Soldier suffers critical hit (Smash). 04872_ Destroyed Hvy. Laser. 04872_ G-50 Soldier system corrupted by crushing effect. 04877_ RIF reveals location of hidden door. Map ----- +----------------------------------------------------+ | ??????????????????????????????????????????????? | | ??????????????????????????????????????????????? | | ??????????????????????????????????????????????? | | ??????????????????????????????????????????????? | | ??????????????????????????????????????????????? | | ??????????????????????????????????????????????? | | ??????????????????????????????????????????????? | | ??????????????????????????????????????????????? | | ??????????????????????????????????????????????? | | ??????????????????????????????????????????????? | | ??????????????????????????????????????????????? | | ??????????????????????????????????????????????? | | ???????????????#????#+????#???????????????????? | | ??????????????#! ??? ??? #???????????????????? | | ??????????????# ?"" """ #???????????????????? | | ??????????????# """ """ #???????????????????? | | ??????????????# """ """ #???????????????????? | | ??????????????# #???????????????????? | | ??????????????# #???????????????????? | | ??????????????# #???????????????????? | | ??????????????# #???????????????????? | | ??????????????# [ !! *#???????????????????? | | ??????????????# !! #???????????????????? | | ??????????????# ! ######??????????????? | | ??????????????# + g +??????????????? | | ??????????????#* [ @ #???????????????????? | | ??????????????#########Y###???????????????????? | | ?????????????????????## ####################### | | ?????????????????????# %%%% | | ?????????????????????# | | ?????????????????????# | | ?????????????????????# ####+##############+## | | ?????????????????????# #?# #????# | | ?????????????????????+ #?# #????# | | ?????????????????????# #?# #????# | | ?????????????????????# #?#""" #????# | | ????????????????????? ?#"F" #????# | | ???????????????????? ?#" ! #????# | | ???????????????????? ?#""" #????# | | ??????????????????? ?#""" ^^ #????# | | ?????????????????? ?# #????# | | ???????????????????# ?##########????# | | ???????????????????? ???????????????# | | ??????????????????????####???????????????# | | ?????????????????????????????????????????###### | | ??????????????????????????????????????????????? | | ??????????????????????????????????????????????? | | ??????????????????????????????????????????????? | | ??????????????????????????????????????????????? | | ??????????????????????????????????????????????? | +----------------------------------------------------+ Best States ------------- Heat Dissipation 73 Energy Generation 18 Energy Capacity 480 Matter Stores 300 Matter Capacity 300 Sight Range 20 Terrain Scan Density 10 Armor Coverage 150 Power Shielding 33 Weapon Shielding 66 Evasion (%) 64 Targeting Accuracy 8 Target Analysis 9 Core Analysis 6 Recoil Reduction 2 Relay Coupler Types 3 Relay Coupler Value 166 Authchip Count 5 Item Schematics ----------------- None Robot Schematics ------------------ None Fabricated ------------ Nothing Alien Tech Used ----------------- None Achievements -------------- None Challenges ------------ None Game ------ Seed ParticleSpreadFilter Manual? 0 Play Time 00:44:20 Cumulative 919.8 hours Start 2024.09.05 @ 14:10:44 End 2024.09.05 @ 14:53:53 Sessions 1 Manual Loads 0 Difficulty Rogue Special Mode None Game No. 1115 Rogue 835 Adventurer 124 Explorer 156 Win Type - Total 39 Types 28/0/8/1/1/0/0/1/0 Lore% 81 Gallery% 90 Achievement% 78 Wizard Run 0 Options --------- Layout 0 ASCII 0 Keyboard 1 Movement Numpad Keybinds 0 Fullscreen 2 Font 18/X11 Map View 76x50 Zoom Use 0% Tactical HUD 1 Map Filters NONE Filters NONE Steam 1 RUN: b5361fcb-d0bf-4da1-b270-7b6c22997849